 Dungeon Crawl Stone Soup version 0.28-a0-1128-gb845255321 (webtiles) character file.

Game seed: 1629805765584363140

4249 GenialerGandalf the Cleaver (level 10, -5/90 HPs)
             Began as a Hill Orc Fighter on Dec 10, 2021.
             Was a Believer of Beogh.
             Slain by a sixfirhy (10 damage)
             ... summoned by a kobold demonologist
             ... on level 10 of the Dungeon on Dec 12, 2021.
             The game lasted 00:44:49 (20132 turns).

GenialerGandalf the Cleaver (Hill Orc Fighter)     Turns: 20132, Time: 00:44:49

Health: -5/90      AC: 18    Str: 24    XL:     10   Next: 31%
Magic:  23/23      EV:  7    Int:  8    God:    Beogh [**....]
Gold:   568        SH:  5    Dex: 10    Spells: 8/13 levels left

rFire   . . .      SeeInvis .   a - +0 war axe
rCold   . . .      Faith    +   c - +1 buckler
rNeg    . . .      Spirit   .   j - +0 plate armour
rPois   .          Reflect  .   l - +1 helmet
rElec   .          Harm     .   (no cloak)
rCorr   .          Rampage  .   e - +2 pair of gloves
Will    .....                   (no boots)
Stlth   ..........              D - amulet of faith
HPRegen 0.25/turn               B - ring of magical power
MPRegen 0.18/turn               (no ring)

@: about to teleport
A: no striking features
a: Renounce Religion, Smiting


You were on level 10 of the Dungeon.
You worshipped Beogh.
Beogh was pleased with you.
You visited 1 branch of the dungeon, and saw 10 of its levels.

You collected 568 gold pieces.

Inventory:

Hand Weapons
 a - a +0 war axe (weapon)
 n - the +6 quarterstaff of the Peculiar Wishes {pain, rElec SInv}
   (You found it on level 4 of the Dungeon)

   In the hands of one skilled in necromantic magic, it inflicts extra damage on
   living creatures.
   rElec:     It insulates you from electricity.
   SInv:      It lets you see invisible.
Missiles
 u - 219 stones (quivered)
 x - 5 javelins
Armour
 b - a +0 scale mail
 c - a +1 buckler (worn)
 e - a +2 pair of gloves (worn)
 j - a +0 plate armour (worn)
 l - a +1 helmet (worn)
 s - a +3 leather armour
Jewellery
 B - a ring of magical power (left hand)
 D - an amulet of faith (around neck)
Wands
 g - a wand of flame (22)
 w - a wand of paralysis (6)
 y - a wand of iceblast (8)
 A - a wand of mindburst (8)
 C - a wand of charming (6)
 H - a wand of acid (16)
Scrolls
 p - a scroll of torment
 q - a scroll of immolation {unknown}
 r - a scroll of vulnerability
 t - 2 scrolls of amnesia
 z - a scroll of enchant weapon {unknown}
Potions
 d - 4 potions of might
 f - a potion of invisibility {unknown}
 h - 2 potions of degeneration
 k - 2 potions of flight {unknown}
 m - 2 potions of haste {unknown}
 o - a potion of berserk rage {unknown}
 v - 2 potions of cancellation {unknown}
 E - a potion of brilliance {unknown}
 F - a potion of lignification
 G - a potion of resistance {unknown}


   Skills:
 * Level 8.7 Fighting
 * Level 13.1 Axes
 * Level 7.2 Armour
 - Level 0.2 Stealth
 * Level 4.6 Shields
 * Level 2.0 Spellcasting
 - Level 0.2 Earth Magic
 - Level 5.3 Invocations


You had 8 spell levels left.
You knew the following spells:

 Your Spells              Type           Power      Damage    Failure   Level
a - Gell's Gravitas       Tloc           0%         N/A       100%        3
b - Sandblast             Erth           2%         2d4       99%         1
c - Summon Small Mammal   Summ           0%         N/A       99%         1

Your spell library contained the following spells:

 Spells                   Type           Power      Damage    Failure   Level
 Passwall                 Tmut/Erth      0%         N/A       100%        2
 Call Canine Familiar     Summ           0%         N/A       100%        3
 Lesser Beckoning         Tloc           0%         N/A       100%        3
 Stone Arrow              Conj/Erth      0%         3d7       100%        3
 Summon Guardian Golem    Hex/Summ       0%         N/A       100%        3
 Teleport Other           Tloc           0%         N/A       100%        3


Dungeon Overview and Level Annotations

Branches:
Dungeon (10/15)            Temple (0/1) D:4
   Lair: D:8-11         Orc: D:9-12

Altars:
Ashenzari
Dithmenos
Fedhas
Hepliaklqana
Okawaru
Ru
Trog
Vehumet
Yredelemnul

Shops:
D:7 :(*(!   D:9 :

Annotations:
D:8 2 transporters, FDRCH's ghost, novice BaFi
D:9 Erica


Message History

You miss the sixfirhy. You completely miss the sixfirhy.
You hit the sixfirhy but do no damage. You closely miss the sixfirhy.
The sixfirhy hits you but does no damage. x2
The sixfirhy barely misses you.
The kobold demonologist begins to cast a cantrip, but forgets the words!
The sixfirhy hits you. The sixfirhy shocks you!
You miss the sixfirhy. The sixfirhy hits you! The sixfirhy shocks you!
You block the sixfirhy's attack. x2
You miss the sixfirhy.
You barely miss the kobold demonologist.
The sixfirhy barely misses you.
The shadow imp grinds its teeth.
You slash the sixfirhy!
The sixfirhy is lightly wounded.
You closely miss the kobold demonologist.
The kobold demonologist hits you but does no damage.
You slash the sixfirhy!
The sixfirhy is heavily wounded.
You closely miss the kobold demonologist.
The kobold demonologist hits you with a +0 dagger.
You closely miss the sixfirhy.
The sixfirhy is heavily wounded.
You barely miss the kobold demonologist.
The sixfirhy hits you. The sixfirhy shocks you!
The sixfirhy hits you but does no damage.
The sixfirhy hits you. The sixfirhy shocks you!
The kobold demonologist casts a spell.
As you read the scroll of teleportation, it crumbles to dust.
You feel strangely unstable.
The sixfirhy hits you but does no damage.
The sixfirhy hits you!
* * * LOW HITPOINT WARNING * * *
The sixfirhy shocks you!
* * * LOW HITPOINT WARNING * * *
The sixfirhy hits you.
* * * LOW HITPOINT WARNING * * *
The sixfirhy shocks you!
You die...

...........
#######......
...........
#...........
...........
#..........
...........
#.........
...########
#........# ###
#.....5.5#
#......K3# #..@#
#..5# #...#
#...#######
######..........
#.......<.......
######..........
#..........
#..........


You could see a kobold demonologist, a sixfirhy (summoned), 2 crimson imps and a
shadow imp (summoned).

Vanquished Creatures
  A deep elf pyromancer (D:7)
  2 trolls
  2 wyverns
  A basilisk (D:7)
  2 steam dragons (D:7)
  Edmund (D:6)
  Duvessa (D:6)
  2 sky beasts
  2 orc warriors
  A black bear (D:5)
  3 ogres
  A necrophage (D:7)
  3 centaurs
  A kobold brigand (D:6)
  A bullfrog (D:6)
  A gnoll sergeant (D:5)
  4 scorpions
  Dowan (D:6)
  4 wights (D:8)
  2 centaur zombies
  A jelly (D:6)
  4 orc priests
  3 hounds
  A bullfrog skeleton (D:5)
  5 centaur skeletons (D:7)
  An iguana (D:6)
  8 orc wizards
  A hound skeleton (D:5)
  3 gnolls
  6 adders
  2 shadow imps
  2 white imps
  An adder skeleton (D:4)
  A worm (D:2)
  5 dart slugs
  28 orcs
  9 ball pythons
  4 bats
  6 endoplasms
  2 giant cockroaches
  5 goblins
  11 hobgoblins
  3 jackals (D:1)
  17 kobolds
  5 quokkas
  A frilled lizard (D:1)
  3 rats (D:1)
174 creatures vanquished.

Vanquished Creatures (others)
  2 orc wizards
  An orc (D:7)
  An endoplasm (D:3)
  A kobold (D:3)
  4 withered plants (D:10)
9 creatures vanquished.

Grand Total: 183 creatures vanquished

Notes
Turn   | Place    | Note
-------+----------+-------------------------------------------
     0 | D:1      | GenialerGandalf the Hill Orc Fighter began the quest for
                  | the Orb.
     0 | D:1      | Reached XP level 1. HP: 19/19 MP: 1/1
   226 | D:1      | Reached XP level 2. HP: 27/27 MP: 2/2
   486 | D:1      | Reached skill level 3 in Axes
   694 | D:1      | Reached XP level 3. HP: 33/33 MP: 3/3
  1228 | D:2      | Reached XP level 4. HP: 24/40 MP: 4/4
  1573 | D:2      | Found a faded altar of an unknown god.
  2223 | D:3      | Reached skill level 4 in Axes
  2238 | D:3      | Became a worshipper of Beogh the Brigand
  2364 | D:3      | Reached XP level 5. HP: 39/46 MP: 6/6
  2365 | D:3      | Reached skill level 1 in Spellcasting
  2946 | D:4      | Reached skill level 5 in Axes
  2956 | D:4      | Found a hazy altar of Hepliaklqana.
  2979 | D:4      | Reached XP level 6. HP: 34/53 MP: 7/7
  3001 | D:4      | Reached * piety under Beogh
  3222 | D:4      | Found a blossoming altar of Fedhas.
  3293 | D:4      | Found a staircase to the Ecumenical Temple.
  3300 | D:4      | Reached skill level 6 in Axes
  3644 | D:4      | Reached XP level 7. HP: 46/60 MP: 9/9
  3647 | D:4      | Identified the +6 quarterstaff of the Peculiar Wishes
                  | {pain, rElec SInv}
  4042 | D:5      | Entered Level 5 of the Dungeon
  4146 | D:5      | Found a radiant altar of Vehumet.
  4153 | D:5      | Reached skill level 7 in Axes
  4153 | D:5      | Reached skill level 1 in Invocations
  4441 | D:5      | Reached skill level 5 in Fighting
  4869 | D:4      | Learned a level 3 spell: Gell's Gravitas
  5129 | D:5      | Found a shadowy altar of Dithmenos.
  5535 | D:5      | Reached XP level 8. HP: 59/69 MP: 10/10
  5536 | D:5      | Reached skill level 8 in Axes
  5643 | D:6      | Noticed Edmund
  5717 | D:6      | Killed Edmund
  5718 | D:6      | Reached skill level 5 in Armour
  5980 | D:6      | Reached ** piety under Beogh
  6039 | D:6      | Reached skill level 9 in Axes
  6104 | D:6      | Learned a level 1 spell: Sandblast
  6443 | D:6      | Noticed Duvessa
  6444 | D:6      | Noticed Dowan
  6457 | D:6      | Killed Duvessa
  6464 | D:6      | Killed Dowan
  6465 | D:6      | Reached skill level 10 in Axes
  6746 | D:7      | Noticed a troll
  6751 | D:7      | Reached XP level 9. HP: 78/78 MP: 11/11
  6850 | D:7      | Found a broken altar of Ashenzari.
  6860 | D:7      | Found Wedouhorph's General Store.
  7447 | D:7      | Found Rotoel's Book Boutique.
  7475 | D:7      | Reached skill level 11 in Axes
  7659 | D:7      | Found Mingigi's Weapon Shoppe.
  7979 | D:7      | Found Fuebi's Distillery.
  7981 | D:7      | Reached *** piety under Beogh
  8565 | D:8      | Noticed a moth of wrath
  8566 | D:8      | Found a bloodstained altar of Trog.
  8566 | D:8      | Noticed a two-headed ogre
  8567 | D:8      | Found a transporter.
  8567 | D:8      | Noticed FDRCH's ghost (novice BaFi)
  8586 | D:8      | Found a transporter.
  9058 | D:9      | Identified the +4 mace "Lucokic" {drain, rN++ Int+5 Dex-5}
  9068 | D:9      | Reached skill level 12 in Axes
  9219 | D:9      | Noticed a troll
  9238 | D:9      | HP: 3/77 [troll (8)]
  9624 | D:9      | Found an iron altar of Okawaru.
  9714 | D:10     | Entered Level 10 of the Dungeon
  9765 | D:10     | Found a basalt altar of Yredelemnul.
  9793 | D:10     | Noticed a troll
  9873 | D:9      | Noticed a two-headed ogre
  9879 | D:9      | Found Beytt's Book Shop.
  9882 | D:9      | Noticed Erica
  9886 | D:9      | HP: 2/77 [centaur/arrow (11)]
  9891 | D:9      | HP: 1/77 [Erica/bolt of poison (14)]
  9897 | D:9      | Noticed a four-headed hydra
 10197 | D:8      | Upgraded the game from 0.28-a0-1084-ga282ea246d to
                  | 0.28-a0-1128-gb845255321
 18413 | D:7      | Found Vezaz's Weapon Shoppe.
 18577 | D:7      | Killed a troll
 18761 | D:7      | Noticed a deep elf pyromancer
 18772 | D:7      | Reached skill level 5 in Invocations
 18776 | D:7      | Reached XP level 10. HP: 51/89 MP: 13/13
 18777 | D:7      | Killed a deep elf pyromancer
 19288 | D:9      | Learned a level 1 spell: Summon Small Mammal
 19416 | D:9      | Found a sacrificial altar of Ru.
 19427 | D:9      | Reached skill level 13 in Axes
 20119 | D:10     | Noticed a kobold demonologist
 20122 | D:10     | Noticed a sixfirhy
 20132 | D:10     | Slain by a sixfirhy

Illustrated notes

Levels and vault maps discovered:
D:1:      lightli_arrival_boilingwater, layout_basic
D:2:      layout_basic, ebering_ecumenical_altar_abandoned,
          minmay_misc_feat_columns
D:3:      layout_loops_ring, serial_park_tiny_1, lemuel_flame_loot_1
D:4:      layout_basic, mainiacjoe_overflow_six_doors_small,
          lemuel_crystal_altar, minmay_temple_entry_nine_rooms,
          serial_park_tiny_1
D:5:      layout_basic, lemuel_tele_altar, fiery_altar_vehumet,
          hangedman_decor_push
D:6:      cheibrodos_thug_alley, layout_rooms, uniq_duvessa, uniq_edmund
D:7:      minmay_razor_zed, layout_rooms, general_overflow_altar, serial_shops,
          nicolae_shop_bloodbath_and_beyond, shop, shop_statue,
          nicolae_take_the_stairs, nicolae_shop_advertising_works
          [nicolae_subvault_shop_adworks], grunt_decor_resistance,
          minmay_manual_monstrance
D:8:      layout_cave_pools, gammafunk_ghost_wrathful_warriors, serial_glass,
          glass_columns_b, glass_columns_a
D:9:      layout_irregular_city, hangedman_ru_absence,
          mainiacjoe_overflow_catwalk, serial_shops, shop, uniq_erica
D:10:     layout_irregular_city, yredelemnul_altar_generic, marbit_many_paths,
          david_lair_shrubbed

Skill      XL: |  1  2  3  4  5  6  7  8  9 10 |
---------------+-------------------------------+-----
Axes           | 3 4 5 6 7 10 12 13 | 13.1
Fighting       | 4 5 6 8 |  8.7
Shields        | 4 |  4.6
Spellcasting   | 1 2 |  2.0
Armour         | 4 5 6 7 |  7.2
Invocations    | 2 3 5 |  5.3
Stealth        | |  0.2
Earth Magic    | |  0.2

Action                   |  1- 3 |  4- 6 |  7- 9 | 10-12 || total
-------------------------+-------+-------+-------+-------++-------
Melee: War axe           |    70 |   184 |   325 |    45 ||   624
 Cast: Sandblast         |       |       |     5 |       ||     5
Invok: Convert to Beogh  |       |     1 |       |       ||     1
Evoke: Wand              |       |       |     3 |       ||     3
  Use: Scroll            |     5 |       |     6 |     4 ||    15
       Potion            |       |     2 |     5 |       ||     7
Armor: Scale mail        |    59 |   129 |    24 |       ||   212
       Leather armour    |       |       |   101 |       ||   101
       Plate armour      |       |       |    33 |    42 ||    75
Dodge: Dodged            |    45 |    85 |   174 |    13 ||   317
Block: Buckler           |    23 |    63 |    94 |    15 ||   195

Table legend: (Time is in decaauts)
 A = Elapsed time spent in this place.
 B = Non-inter-level travel time spent in this place.
 C = Inter-level travel time spent in this place.
 D = Time resting spent in this place.
 E = Time spent auto-exploring this place.
 F = Levels seen in this place.
 G = Mean time per level.
                   A        B        C        D        E       F      G
               +--------+--------+--------+--------+--------+-----+--------+
         Total |  20228 |  19791 |    437 |  10811 |   4756 |  10 | 2022.8 |
       Dungeon |  20228 |  19791 |    437 |  10811 |   4756 |  10 | 2022.8 |
               +--------+--------+--------+--------+--------+-----+--------+

Top non-repeatable levels by time:
     D:8: 9264 daAuts
     D:6: 1923 daAuts
     D:9: 1687 daAuts
     D:5: 1518 daAuts
     D:4: 1471 daAuts
     D:7: 1289 daAuts
     D:1: 1070 daAuts
     D:3: 1015 daAuts
     D:2: 843 daAuts
    D:10: 144 daAuts
